Map: Eternal Empire LE

Players

hhhh

  • Race: Terran Terran
  • Spawn Location: 7:00

Massa - Winner!

  • Race: Terran Terran
  • League: Gold
  • Spawn Location: 1:00

VOD

Have the link to the VOD?

Description

Time

  • Played on: Aug. 30, 2020, 6:12 a.m.
  • Length: 12:02
Show
View Real Time Build Order
Export as new Build Order

hhhh Terran 

Build Orders:  

Get SALT Encoding   

  12  0:12  Refinery  
  12  0:18  Refinery  
  12  0:20  SCV  
  13  0:36  Supply Depot  
  13  0:59  Supply Depot  
  13  1:00  SCV  
  14  1:12  SCV  
  15  1:24  SCV  
  16  1:40  Barracks  
  15  2:39  Bunker  
  15  2:48  Bunker  
  15  2:50  Barracks Tech Lab  
  15  3:10  Marine  
  14  3:28  Marine  
  12  3:38  SCV  
  13  3:46  Marine  
  14  3:50  SCV  
  14  3:55  Bunker  
  15  4:02  SCV  
  16  4:03  Factory  
  16  4:04  Marine  
  17  4:14  SCV  
  18  4:22  Marine  
  19  4:40  Marauder  
  21  4:50  Factory Tech Lab  
  21  5:01  Marauder  
  23  5:13  Siege Tank  
  26  5:42  Starport  
  26  5:45  Siege Tank  
  29  6:00  Marauder  
  30  6:46  Starport Tech Lab  
  30  7:07  Engineering Bay  
  30  7:33  Supply Depot  
  30  7:54  Siege Tank  
  30  7:55  Marauder  
  32  8:10  Banshee  
  35  8:16  Marauder  
  37  8:45  Supply Depot  
  37  9:02  Banshee, Siege Tank  
  11  9:34  Siege Tank  
  6  9:46  Marauder  
  5  10:09  Reaper  
  1  10:25  Hellion  
  3  10:33  SCV  
  4  10:41  Reaper  
  5  10:46  Hellion  
  3  11:08  Hellion  
  5  11:13  Reaper  
Show
View Real Time Build Order
Export as new Build Order

Massa Terran - Winner!

Build Orders:  

Get SALT Encoding   

  12  0:01  SCV  
  13  0:14  SCV  
  14  0:17  Supply Depot  
  14  0:26  SCV  
  15  0:39  Barracks  
  15  0:40  SCV  
  16  0:50  Refinery  
  16  0:52  SCV  
  17  1:04  SCV, Supply Depot  
  18  1:23  Barracks  
  18  1:28  Bunker  
  18  1:34  Marine  
  19  1:43  Orbital Command  
  20  1:54  Reaper  
  20  2:07  Barracks  
  20  2:19  Marine  
  21  2:26  Marine  
  22  2:33  Supply Depot  
  22  2:41  Factory  
  22  2:47  Barracks Tech Lab  
  22  2:48  Marine  
  23  2:54  Marine  
  23  2:56  SCV  
  25  3:05  Marine  
  25  3:08  SCV  
  25  3:12  Marine  
  28  3:22  Command Center  
  27  3:47  Supply Depot  
  27  3:52  Stimpack  
  27  3:54  Factory Tech Lab  
  27  4:06  Engineering Bay  
  27  4:08  Barracks Reactor  
  27  4:10  Marine, Supply Depot  
  27  4:16  Widow Mine  
  30  4:25  Refinery  
  30  4:27  SCV  
  31  4:33  Supply Depot  
  31  4:34  Barracks Reactor  
  31  4:36  Marauder  
  33  4:44  Widow Mine  
  35  4:50  Orbital Command  
  35  4:52  SCV  
  36  4:56  Supply Depot  
  36  4:57  Marine x2  
  38  5:04  SCV, Marauder  
  41  5:10  Starport  
  41  5:16  SCV  
  41  5:20  Orbital Command  
  42  5:24  Supply Depot  
  42  5:28  SCV  
  43  5:31  Siege Tank  
  46  5:40  SCV  
  47  5:46  SCV  
  48  5:50  Missile Turret  
  48  5:52  Missile Turret  
  48  5:53  Marauder, Marine  
  51  5:58  SCV  
  52  6:06  SCV  
  52  6:10  SCV  
  54  6:18  SCV  
  55  6:31  Marine x2  
  55  6:32  Marauder  
  59  6:34  Siege Tank  
  59  6:37  Medivac  
  64  6:44  Starport  
  64  6:47  SCV  
  64  6:48  SCV  
  64  6:53  Marauder, Missile Turret  
  68  7:00  SCV  
  69  7:14  Combat Shield  
  69  7:24  Command Center  
  69  7:28  Refinery  
  69  7:29  Refinery, SCV x2  
  71  7:36  Marauder, Marine x3  
  71  7:37  Marine  
  76  7:41  SCV x2  
  76  7:42  Liberator  
  82  7:53  SCV  
  82  7:54  Marine x2  
  82  7:58  SCV, Marauder  
  88  8:05  SCV  
  89  8:10  SCV  
  90  8:15  Medivac  
  90  8:17  SCV  
  93  8:24  Supply Depot  
  93  8:27  Supply Depot  
  93  8:29  Supply Depot  
  93  8:30  Supply Depot  
  93  8:32  Supply Depot  
  93  8:33  Concussive Shells  
  93  8:35  Siege Tank  
  96  8:42  Sensor Tower  
  96  8:43  Terran Infantry Weapons Level 1  
  96  8:45  Engineering Bay, Medivac  
  96  8:48  Supply Depot  
  98  8:50  Armory  
Tags
 
League
Gold
Matchup
TvT
Race
Terran
Replay Pack
Multiplayer
Spawn Locations
Cross Positions
Add a new tag
Caveats
  • Supply blocks, unpowered buildings, or Contaminate may cause inaccurate times.
  • Supply counts are checked every 10 seconds.